 Dungeon Crawl Stone Soup version 0.13-a0-2584-g2e76cfd (webtiles) character file.

234 JacquesDerrida the Vexing (level 4, -3/30 HPs)
             Began as a Vampire Enchanter on Aug 1, 2013.
             Killed from afar by an orc wizard (4 damage)
             ... with a magic dart
             ... on Level 3 of the Dungeon.
             The game lasted 00:05:19 (2413 turns).

JacquesDerrida the Vexing (Vampire Enchanter)       Turns: 2413, Time: 00:05:19

HP  -3/30        AC  3     Str 13      XL: 4   Next: 95%
MP   2/9         EV 12     Int 17      God:
Gold 100         SH  0     Dex 14      Spells:  3 memorised,  1 level left

Res.Fire  : . . .   See Invis. : +   a - +1 dagger {=f}
Res.Cold  : . . .   Warding    : .   b - +1 robe
Life Prot.: + . .   Conserve   : .   (no shield)
Res.Poison: .       Res.Corr.  : .   (no helmet)
Res.Elec. : .       Clarity    : .   (no cloak)
Sust.Abil.: . .     Spirit.Shd : .   (no gloves)
Res.Mut.  : .       Stasis     : .   (no boots)
Res.Rott. : .       Flight     : .   (no amulet)
Saprovore : . . .                    (no ring)
                                     (no ring)

@: mighty, very slightly contaminated, slowed, very slow, slightly resistant to
hostile enchantments, stealthy
A: fangs 3, see invisible, unbreathing
a: Bat Form


You were on level 3 of the Dungeon.
You were not thirsty.

You visited 1 branch of the dungeon, and saw 3 of its levels.

You collected 80 gold pieces.

Inventory:

Hand weapons
 a - a +1,+1 dagger (weapon) {=f}
 u - a +0,+0 whip of electrocution
 y - a +0,+1 orcish dagger
Missiles
 d - 12 darts (quivered)
 h - 22 poisoned needles
Armour
 b - a +1 robe (worn)
Magical devices
 A - a wand of cold (2)
Scrolls
 g - 2 scrolls of enchant weapon I {unknown}
 i - a scroll of curse jewellery {unknown}
 j - 2 scrolls of remove curse {unknown}
 m - 2 scrolls of blinking {unknown}
 o - 2 scrolls of random uselessness {unknown}
 p - 3 scrolls of identify {unknown}
 q - a scroll of recharging {unknown}
 r - 2 scrolls of fog {unknown}
 t - a scroll of enchant weapon II {unknown}
 v - a scroll of curse weapon {unknown}
Potions
 e - a potion of coagulated blood
 f - a potion of slowing {unknown}
 k - a potion of heal wounds {unknown}
 l - a potion of agility {unknown}
 n - a potion of brilliance {unknown}
 x - a potion of speed {unknown}
Books
 c - a book of Maledictions

   Spells                             Type                      Level
   *Corona                            Hexes                        1
   Sure Blade                         Hexes/Charms                 2
   *Ensorcelled Hibernation           Hexes/Ice                    2
   *Confuse                           Hexes                        3
   Enslavement                        Hexes                        4
   Invisibility                       Hexes                        6
 w - a Grand Grimoire {highlevel}

   This book is beyond your current level of understanding.

   Spells                             Type                      Level
   Demonic Horde                      Summoning                    6
   Mass Abjuration                    Summoning                    6
   Haunt                              Necromancy/Summoning         7
   Summon Greater Demon               Summoning                    7
   Malign Gateway                     Summoning/Translocation      7
   Summon Horrible Things             Summoning                    8


   Skills:
 + Level 4.0 Short Blades
 - Level 0.7 Throwing
 - Level 2.1 Dodging
 - Level 3.0 Stealth
 - Level 2.2 Spellcasting
 + Level 5.3 Hexes


You had one spell level left.
You knew the following spells:

 Your Spells              Type           Power        Failure   Level  Hunger
a - Corona                Hex            ###....      2%          1    #......
b - Ensorcelled Hibernat  Hex/Ice        ##....       12%         2    ##.....
c - Confuse               Hex            ###.....     10%         3    ####...


Dungeon Overview and Level Annotations

Branches:
Dungeon (3/27)

Altars:


Innate Abilities, Weirdness & Mutations

You have razor-sharp teeth.*
You have supernaturally acute eyesight.
You can survive without breathing.*


Message History

The orc wizard hits you with an orcish dagger.
Drink which item? (? for menu, Esc to quit)
You feel very mighty all of a sudden.
It was a potion of might.
The orc wizard hits you but does no damage.
You hit the orc wizard.
The orc wizard is heavily wounded.
The orc wizard gestures at you while chanting.
The magic dart hits you!
* * * LOW HITPOINT WARNING * * *
You barely miss the orc wizard.
The orc wizard is heavily wounded.
The orc wizard gestures at you while chanting.
The magic dart hits you!
* * * LOW HITPOINT WARNING * * *
Drink which item? (? for menu, Esc to quit)
It has a very clean taste.
It was a potion of cure mutation.
The orc wizard gestures at you while chanting.
The magic dart hits you!
You die...

#)#
#............
#.#
#.#.#........
#.#
#.#.#........
#.#
#.#.#........
#.##
#.#.##.......
#)#.
..#.#########
#)#. ###..
#.#.########
#@#.........
#o##........
#o....o......
####....%..o.
#.........
#l.......
#........
#........
#.......


You could see an orc wizard and an orc.

Vanquished Creatures
  Jessica (D:2)
  7 adders
  An adder skeleton (D:3)
  3 giant geckos
  2 orcs (D:3)
  10 hobgoblins
  4 bats
  3 giant newts
  6 goblins
  2 kobolds
  2 quokkas
  13 rats
54 creatures vanquished.

Notes
Turn   | Place    | Note
--------------------------------------------------------------
     0 | D:1      | JacquesDerrida, the Vampire Enchanter, began the quest for the Orb.
     0 | D:1      | Reached XP level 1. HP: 13/13 MP: 4/4
   284 | D:1      | Reached XP level 2. HP: 8/19 MP: 5/5
   512 | D:1      | Learned a level 2 spell: Ensorcelled Hibernation
  1067 | D:2      | Noticed Jessica
  1072 | D:2      | Killed Jessica
  1072 | D:2      | Reached XP level 3. HP: 24/24 MP: 4/7
  1657 | D:2      | Learned a level 3 spell: Confuse
  1745 | D:3      | Reached XP level 4. HP: 30/30 MP: 9/9
  1977 | D:3      | Reached skill level 5 in Hexes
  2412 | D:3      | HP: 1/30 [orc wizard/magic dart (8)]
  2413 | D:3      | Killed from afar by an orc wizard

Action                   |  1- 3 |  4- 6 || total
-------------------------+-------+-------++-------
Melee: Dagger            |    88 |    57 ||   145
 Cast: Ensorcelled Hiber |     3 |    10 ||    13
       Corona            |     2 |       ||     2
       Confuse           |       |     1 ||     1
Evoke: Wand              |       |     1 ||     1
  Use: Potion            |       |     2 ||     2
 Stab: Sleeping          |    12 |    11 ||    23
